Map: 엔디온 잔해

Players

DiaoZhaSky

  • Race: Zerg Zerg
  • League: Grandmaster

llllllllllll (Scarlett) - Winner!

  • Race: Zerg Zerg
  • League: Grandmaster

VOD

Have the link to the VOD?

Description

Time

  • Played on: April 10, 2016, 4:54 a.m.
  • Length: 12:05
Show
View Real Time Build Order
Export as new Build Order

DiaoZhaSky Zerg 

Build Orders: Hatch First 

Get SALT Encoding   

  12  0:02  Drone  
  13  0:13  Overlord  
  13  0:18  Drone  
  14  0:31  Drone x2  
  16  0:49  Hatchery  
  15  0:52  Drone  
  15  0:55  Drone  
  17  0:59  Drone  
  18  1:05  Extractor  
  17  1:14  Spawning Pool  
  17  1:18  Drone  
  17  1:21  Drone  
  18  1:31  Drone  
  19  1:40  Drone  
  20  1:50  Drone  
  21  2:02  Queen x2  
  21  2:05  Zergling x4  
  27  2:22  Overlord, Hatchery  
  26  2:26  Drone  
  26  2:29  Drone  
  28  2:40  Drone x3  
  28  2:44  Drone x2  
  33  2:54  Overlord  
  33  3:00  Drone  
  34  3:10  Drone x2  
  36  3:13  Drone x6  
  42  3:21  Lair  
  42  3:22  Overlord  
  41  3:28  Drone  
  41  3:32  Extractor x2  
  41  3:34  Overlord  
  40  3:36  Drone  
  40  3:39  Roach Warren  
  40  3:42  Overlord  
  40  3:45  Drone x5  
  40  3:47  Drone  
  46  3:52  Overlord  
  46  4:02  Drone x2  
  48  4:05  Evolution Chamber  
  48  4:06  Queen  
  48  4:08  Drone x3  
  52  4:20  Roach x4  
  60  4:24  Glial Reconstitution  
  60  4:34  Roach x4  
  66  4:48  Overlord x4  
  63  4:54  Zerg Missile Weapons Level 1  
  63  4:55  Overlord  
  62  5:02  Overlord  
  62  5:07  Roach x3  
  62  5:09  Drone  
  62  5:11  Drone x2  
  71  5:16  Roach  
  73  5:22  Roach x2  
  73  5:23  Roach  
  73  5:27  Roach x2  
  83  5:33  Roach x3  
  89  5:37  Roach  
  89  5:38  Roach  
  93  5:43  Roach x2  
  101  5:50  Roach x3  
  101  5:55  Roach x3  
  109  5:58  Overlord, Ravager  
  110  6:06  Overlord  
  110  6:07  Drone  
  110  6:09  Queen  
  111  6:19  Roach x5  
  111  6:20  Overlord  
  117  6:37  Roach x2  
  117  6:38  Overlord  
  117  6:46  Hydralisk Den, Spore Crawler, Drone x2  
  117  6:47  Spore Crawler x2  
  98  6:48  Extractor, Drone x3  
  98  6:49  Spore Crawler x2  
  97  6:57  Drone x2  
  97  6:58  Spore Crawler, Drone x2  
  87  7:12  Drone x4  
  91  7:16  Zerg Missile Weapons Level 2  
  91  7:17  Hydralisk x2  
  89  7:24  Hydralisk x3  
  95  7:33  Hydralisk x3  
  95  7:35  Extractor  
  96  7:37  Drone x2  
  94  7:44  Hydralisk  
  94  7:45  Hydralisk x2  
  96  7:57  Muscular Augments, Drone x3  
  99  8:00  Overlord  
  99  8:01  Drone x2  
  101  8:11  Hydralisk x3  
  107  8:15  Spore Crawler  
  106  8:23  Hydralisk x3  
  108  8:31  Hydralisk x2  
  106  8:39  Overlord x2  
  106  8:41  Hydralisk x3  
  106  8:47  Overlord  
  110  8:48  Overlord  
  110  8:50  Hydralisk x2  
  110  8:55  Hydralisk  
  114  8:59  Drone  
  114  9:00  Drone x3  
  116  9:03  Infestation Pit, Drone x2  
  116  9:04  Drone x4  
  119  9:17  Hydralisk x4  
  121  9:26  Roach x4  
  121  9:27  Roach  
  131  9:33  Extractor  
  131  9:38  Hydralisk, Roach x3  
  136  9:45  Roach x4  
  146  9:52  Roach  
  148  9:55  Roach x3  
  148  9:56  Roach x2  
  148  9:57  Overlord  
  158  10:03  Hydralisk x2  
  160  10:10  Overlord x2  
  158  10:15  Roach x2  
  158  10:19  Hatchery  
  153  10:25  Hydralisk  
  153  10:26  Hydralisk x4  
  161  10:35  Hive  
  133  10:36  Hydralisk  
  133  10:38  Overlord  
  127  10:51  Overlord  
  127  10:53  Queen  
  127  10:55  Hydralisk x4  
  127  10:56  Spore Crawler  
  134  11:00  Infestor  
  134  11:02  Hydralisk  
  138  11:10  Hydralisk x2  
  140  11:15  Overseer  
  140  11:24  Overseer  
  140  11:25  Hydralisk x3  
  138  11:30  Spore Crawler  
  138  11:32  Spore Crawler  
  132  11:42  Drone x2  
  137  11:56  Extractor, Spore Crawler  
Show
View Real Time Build Order
Export as new Build Order

llllllllllll Zerg - Winner!

Build Orders: Hatch First, Lurkers 

Get SALT Encoding   

  12  0:05  Drone  
  13  0:12  Drone  
  14  0:18  Overlord  
  14  0:25  Extractor  
  14  0:26  Drone  
  15  0:38  Drone x2  
  17  0:52  Hatchery  
  17  0:55  Drone  
  17  1:00  Drone  
  18  1:12  Spawning Pool  
  18  1:15  Extractor  
  17  1:18  Drone  
  17  1:20  Drone  
  18  1:31  Drone  
  19  1:41  Overlord  
  19  1:52  Drone  
  20  1:59  Queen  
  22  2:04  Queen  
  22  2:05  Drone  
  22  2:06  Drone  
  26  2:14  Drone x2  
  26  2:15  Metabolic Boost  
  28  2:25  Drone  
  28  2:29  Drone  
  30  2:34  Queen, Baneling Nest  
  30  2:36  Zergling x2  
  32  2:45  Overlord  
  32  2:48  Drone x2  
  34  2:57  Drone  
  35  2:58  Drone  
  36  3:07  Zergling x6  
  39  3:14  Zergling x2  
  39  3:15  Zergling x6  
  39  3:17  Overlord  
  39  3:19  Lair  
  44  3:34  Overlord  
  44  3:38  Extractor, Drone x3  
  44  3:39  Extractor  
  45  3:46  Drone  
  45  3:47  Drone x3  
  49  3:48  Extractor  
  49  3:50  Drone  
  49  3:51  Drone  
  50  3:57  Overlord, Drone x2  
  52  4:08  Drone  
  53  4:10  Overlord  
  53  4:12  Hatchery  
  52  4:19  Drone x2  
  52  4:20  Drone x2  
  52  4:23  Drone  
  52  4:24  Drone  
  57  4:29  Drone x3  
  60  4:35  Overlord  
  59  4:46  Spire  
  59  4:50  Zergling x4  
  59  4:51  Zergling x2  
  58  4:59  Overlord  
  57  5:00  Queen  
  57  5:04  Drone x2  
  57  5:05  Drone  
  57  5:06  Drone  
  63  5:09  Overlord  
  63  5:14  Overseer  
  63  5:31  Drone  
  63  5:32  Drone x9  
  73  5:47  Spine Crawler  
  73  5:48  Spine Crawler  
  70  5:57  Spine Crawler, Mutalisk  
  70  5:58  Mutalisk x6  
  70  5:59  Spine Crawler  
  70  6:01  Spine Crawler  
  70  6:02  Mutalisk  
  82  6:05  Mutalisk  
  82  6:08  Mutalisk  
  86  6:14  Mutalisk  
  86  6:17  Mutalisk  
  83  6:26  Mutalisk x2  
  83  6:33  Drone x7  
  81  6:50  Drone x2  
  81  6:51  Mutalisk x2  
  85  7:07  Mutalisk  
  87  7:08  Queen  
  87  7:09  Queen  
  91  7:15  Mutalisk  
  91  7:17  Zergling x2  
  91  7:18  Zergling x8  
  98  7:27  Hatchery  
  97  7:32  Evolution Chamber  
  97  7:33  Hydralisk Den  
  97  7:36  Drone  
  97  7:37  Drone x2  
  98  7:41  Drone  
  99  7:57  Drone  
  100  8:00  Zerg Missile Weapons Level 1  
  100  8:01  Extractor  
  100  8:03  Queen, Extractor  
  100  8:14  Queen, Hatchery  
  99  8:25  Lurker Den  
  99  8:33  Overlord x6  
  99  8:46  Hydralisk x4  
  105  9:01  Hydralisk x7  
  117  9:14  Queen, Drone x3  
  119  9:28  Overseer  
  119  9:29  Overlord, Drone  
  119  9:30  Drone x2  
  122  9:35  Hatchery  
  122  9:36  Hydralisk  
  122  9:37  Hydralisk x3  
  129  9:53  Lurker x2  
  129  9:54  Lurker x4  
  135  10:01  Lurker  
  135  10:02  Overlord x5  
  136  10:10  Drone x5  
  141  10:28  Hydralisk x7  
  152  11:01  Infestation Pit  
  148  11:14  Extractor  
  148  11:15  Lurker, Extractor  
  148  11:16  Lurker x2  
  147  11:24  Hydralisk  
  147  11:25  Hydralisk x2  
  153  11:26  Drone  
  153  11:27  Drone x15  
Tags
 
Add a new tag
Caveats
  • Supply blocks, unpowered buildings, or Contaminate may cause inaccurate times.
  • Supply counts are checked every 10 seconds.